 Dungeon Crawl Stone Soup version 0.25-a0-1133-g93ebf739aa (webtiles) character file.

Game seed: 11092934385672050302, levelgen mode: deterministic

38 Echocat the Skirmisher (level 3, -1/33 HPs)
             Began as a Draconian Berserker on May 22, 2020.
             Was a Follower of Trog.
             Slain by a gnoll
             ... wielding a +0 spear
              (4 damage)
             ... on level 2 of the Dungeon.
             The game lasted 00:03:35 (687 turns).

Echocat the Skirmisher (Draconian Berserker)         Turns: 687, Time: 00:03:35

Health: -1/33      AC:  5    Str: 20    XL:     3   Next: 25%
Magic:  3/3        EV: 13    Int:  7    God:    Trog [*.....]
Gold:   20         SH:  0    Dex: 10    Spells: 2/2 levels left

rFire    . . .     SeeInvis .   d - +3 dagger (vamp)
rCold    . . .     Gourm    .   (no shield)
rNeg     . . .     Faith    .   (armour unavailable)
rPois    .         Spirit   .   (helmet restricted)
rElec    .         Reflect  .   (no cloak)
rCorr    .         Harm     .   (no gloves)
MR       .....                  (no boots)
Stlth    +.........             (no amulet)
HPRegen  0.11/turn              (no ring)
MPRegen  0.08/turn              (no ring)

@: berserk cooldown, slowed, very slow
A: unfitting armour, cold-blooded, AC +5
a: Berserk, Renounce Religion


You were on level 2 of the Dungeon.
You worshipped Trog.
Trog was aware of your devotion.
You were not hungry.

You visited 1 branch of the dungeon, and saw 2 of its levels.

You collected 20 gold pieces.

Inventory:

Hand Weapons
 a - a +0 spear
 d - a +3 vampiric dagger (weapon)
 i - a +2 short sword of draining
Jewellery
 g - an uncursed ring of wizardry {unknown}
Scrolls
 e - a scroll of identify
 f - a scroll of immolation {unknown}
 j - a scroll of blinking {unknown}
Potions
 h - a potion of heal wounds
Comestibles
 b - 3 rations
 c - a chunk of flesh


   Skills:
 + Level 3.8 Fighting
 + Level 0.2 Short Blades
 + Level 3.5 Polearms
 + Level 3.1 Dodging


You had 2 spell levels left.
You didn't know any spells.
Your spell library was empty.

Dungeon Overview and Level Annotations

Branches:
Dungeon (2/15)

Altars:


Innate Abilities, Weirdness & Mutations

Your plain brown scales are hard. (AC +5)
You cannot fit into any form of body armour.
You are cold-blooded and may be slowed by cold attacks.


Message History

The gnoll misses you.
The gnoll hits you from afar with a +0 spear.
* * * LOW HITPOINT WARNING * * *
As you read the scroll labeled XYHAF SE LIRCH, it crumbles to dust.
It is a scroll of identify.
h - 2 potions of heal wounds The gnoll hits you from afar with a +0 spear.
* * * LOW HITPOINT WARNING * * *
You feel much better. The gnoll barely misses you.
The gnoll hits you from afar with a +0 spear!
The gnoll hits you but does no damage.
The gnoll hits you from afar with a +0 spear.
You hit the gnoll.
You feel better.
Your tail-slap misses the gnoll.
The gnoll is moderately wounded.
The gnoll hits you with a +0 spear.
The gnoll hits you from afar with a +0 spear.
The gnoll hits you with a +0 spear!
* * * LOW HITPOINT WARNING * * *
The gnoll closely misses you. The gnoll hits you with a +0 spear.
You die...

#..... .. # #...##...# ##.(...
..#. ###.###..### .......
....##........# # .......
#.....#####.### .......
###.##...........
#.w.###................
#g.g..##.#........... .<#
####g......##...).... ..
###@#..#.###........ .......
#.# #...gw.......#######
#...... #.####.#.###.....#####
#
#...#..##......#.##..........#
#
..............##.............#
##......#....................#
#....................#########
#..................########
#.........................#


You could see a worm and 3 gnolls.

Vanquished Creatures
  A gnoll (D:2)
  An adder (D:2)
  A dart slug (D:2)
  A leopard gecko (D:1)
  A ball python (D:1)
  A giant cockroach (D:1)
  2 goblins (D:1)
  2 hobgoblins (D:2)
  3 bats
  A frilled lizard (D:2)
  2 kobolds (D:1)
  2 rats (D:1)
18 creatures vanquished.

Notes
Turn   | Place    | Note
-------+----------+-------------------------------------------
     0 | D:1      | Echocat the Draconian Berserker began the quest for the
                  | Orb.
     0 | D:1      | Reached XP level 1. HP: 19/19 MP: 1/1
   181 | D:1      | Reached XP level 2. HP: 25/26 MP: 2/2
   322 | D:1      | You fall into a shaft and drop 1 floor!
   631 | D:2      | Reached XP level 3. HP: 33/33 MP: 3/3
   683 | D:2      | HP: 1/33 [gnoll/+0 spear (5)]
   687 | D:2      | Slain by a gnoll

Illustrated notes

Levels and vault maps discovered:
D:1:      psy_arrival_conway, layout_loops_corners, cheibriados_altar_1
D:2:      layout_rooms

Skill      XL: |  1  2 |
---------------+-------+-----
Dodging        | 3 |  3.1
Fighting       | |  3.8
Short Blades   | |  0.2
Polearms       | |  3.5

Action                   || total
-------------------------++-------
Melee: Spear             ||    27
       Dagger            ||    33
       Tailslap          ||     5
Invok: Berserk           ||     1
  Use: Scroll            ||     1
       Potion            ||     1
Armor: Skin              ||    21
Dodge: Dodged            ||    35

Table legend:
 A = Non-vault XP
 B = Vault XP
 C = Vault XP percentage of total XP
 D = Non-vault monster count
 E = Vault monster count
 F = Vault count percentage of total count
                 A         B        C        D         E       F
            +---------+---------+-------+---------+---------+-------
      Total |      55 |       0 |   0.0 |      18 |       0 |   0.0
            +---------+---------+-------+---------+---------+-------
        D:1 |      17 |       0 |   0.0 |      11 |       0 |   0.0
        D:2 |      38 |       0 |   0.0 |       7 |       0 |   0.0
            +---------+---------+-------+---------+---------+-------
